 Dungeon Crawl Stone Soup version 0.24-a0-549-g45f0056d81 (webtiles) character file.

Game seed: 12944066541754218232

119 BinkBink the Chopper (level 4, -2/34 HPs)
             Began as a Demonspawn Gladiator on Aug 19, 2019.
             Slain by Sigmund
             ... wielding a +0 scythe of slicing
              (4 damage)
             ... on level 3 of the Dungeon.
             The game lasted 00:04:08 (2084 turns).

BinkBink the Chopper (Demonspawn Gladiator)         Turns: 2084, Time: 00:04:08

Health: -2/34      AC:  6    Str: 13 (15) XL:     4   Next: 74%
Magic:  4/4        EV: 12    Int:  8 (10) God:
Gold:   155        SH:  0    Dex: 14      Spells: 3/3 levels left

rFire    + . .     SeeInvis .   i - +1 flail (protect)
rCold    . . .     Gourm    .   (no shield)
rNeg     . . .     Faith    .   p - +0 ring mail
rPois    .         Spirit   .   c - +0 helmet
rElec    .         Reflect  .   (no cloak)
rCorr    .         Harm     .   (no gloves)
MR       .....                  (no boots)
Stlth    +.........             (no amulet)
HPRegen  0.11/turn              (no ring)
MPRegen  0.09/turn              (no ring)

@: no status effects
A: fire resistance 1, flame cloud immunity
a: no special abilities


You were on level 3 of the Dungeon.
You were hungry.

You visited 1 branch of the dungeon, and saw 3 of its levels.

You collected 155 gold pieces.

Inventory:

Hand Weapons
 a - a +0 war axe
 i - a +1 flail of protection (weapon)
Missiles
 d - 3 throwing nets (quivered)
Armour
 b - a +0 leather armour
 c - a +0 helmet (worn)
 p - a +0 ring mail (worn)
Jewellery
 l - an uncursed ring of magical power {unknown}
 m - an uncursed ring of flight {unknown}
 o - an uncursed ring of see invisible {unknown}
Scrolls
 e - 5 scrolls of identify {unknown}
 g - a scroll of amnesia {unknown}
 h - 2 scrolls of noise {unknown}
 j - 2 scrolls of teleportation {unknown}
 k - a scroll of fear {unknown}
 n - a scroll of immolation {unknown}
 r - a scroll of magic mapping {unknown}
Potions
 q - a potion of curing
Comestibles
 f - 2 rations


   Skills:
 + Level 2.5 Fighting
 + Level 4.1 Axes
 + Level 1.8 Throwing
 + Level 0.7 Armour
 + Level 3.2 Dodging
 + Level 0.7 Stealth


You had 3 spell levels left.
You didn't know any spells.
Your spell library was empty.

Dungeon Overview and Level Annotations

Branches:
Dungeon (3/15)

Altars:

Annotations:
D:3 Sigmund


Innate Abilities, Weirdness & Mutations

Your flesh is heat resistant. (rF+)
You are immune to clouds of flame.


Message History

The ooze hits you. Sigmund barely misses you.
You hit Sigmund.
Your weapon exudes an aura of protection.
Sigmund is heavily wounded.
The ooze closely misses you. x2
Sigmund hits you with a +0 scythe of slicing.
You closely miss Sigmund.
Sigmund is heavily wounded.
The ooze hits you.
You barely miss Sigmund.
Sigmund is heavily wounded.
Sigmund mumbles some strange words.
Sigmund flickers and vanishes!
Deactivating autopickup; reactivate with Ctrl-A.
The ooze hits you. Something hits you.
You closely miss something. The ooze hits you but does no damage.
The ooze barely misses you.
You closely miss something. Something hits you!
* * * LOW HITPOINT WARNING * * *
You die...

#..........'....##.......
#.......#################
#.......#≈§≈§§§§≈§≈§§§#
#.......#§≈≈≈....§≈≈≈≈#
#####'###≈≈≈.......≈§≈#
#.# #§≈........§§§###
#.###§...##.##§..≈#..
#...#≈...#...#...≈#..
###{@.......)...(.'(.
.......J#≈...#...#...≈#..
#########§...##.##..§§#..
#≈≈........§§§#..
#≈≈§.......§§§#..
#≈≈≈≈§....≈≈≈§#..
#≈≈§§§≈§≈§≈≈≈≈#..
###############..
#........


You could see an ooze.

Vanquished Creatures
  Jessica (D:2)
  An orc wizard (D:3)
  An adder (D:2)
  2 worms (D:2)
  3 dart slugs
  2 leopard geckos
  4 orcs (D:3)
  A giant cockroach (D:2)
  5 hobgoblins
  5 jackals
  2 kobolds
  A quokka (D:2)
  6 bats
  2 frilled lizards
  6 rats
42 creatures vanquished.

Notes
Turn   | Place    | Note
-------+----------+-------------------------------------------
     0 | D:1      | BinkBink the Demonspawn Gladiator began the quest for the
                  | Orb.
     0 | D:1      | Reached XP level 1. HP: 16/16 MP: 1/1
    24 | D:1      | You fall into a shaft and drop 1 floor!
   118 | D:2      | Gained mutation: Your flesh is heat resistant. (rF+)
                  | [demonic ancestry]
   118 | D:2      | Reached XP level 2. HP: 19/22 MP: 2/2
   125 | D:2      | Reached skill level 3 in Axes
   256 | D:1      | Gained mutation: You are immune to clouds of flame.
                  | [demonic ancestry]
   256 | D:1      | Reached XP level 3. HP: 24/28 MP: 3/3
  1254 | D:2      | Noticed Jessica
  1258 | D:2      | Killed Jessica
  1258 | D:2      | Reached XP level 4. HP: 32/34 MP: 4/4
  1404 | D:3      | Reached skill level 4 in Axes
  1685 | D:3      | Noticed Sigmund
  2084 | D:3      | Slain by Sigmund

Levels and vault maps discovered:
D:1:      lemuel_arrival_behind_the_door_large, layout_loops_corners,
          grunt_decor_clamped
D:2:      layout_basic, uniq_jessica
D:3:      layout_basic, grunt_temple_overflow_opulence,
          kennysheep_generic_room_2, uniq_sigmund

Skill      XL: |  1  2  3  4 |
---------------+-------------+-----
Dodging        | 3 |  3.2
Axes           | 3 4 |  4.1
Fighting       | |  2.5
Throwing       | |  1.8
Armour         | |  0.7
Stealth        | |  0.7

Action                   |  1- 3 |  4- 6 || total
-------------------------+-------+-------++-------
Melee: War axe           |    76 |    15 ||    91
       Flail             |       |    34 ||    34
  Use: Potion            |       |     3 ||     3
 Stab: Sleeping          |     1 |     1 ||     2
  Eat: Chunk             |     1 |     2 ||     3
Armor: Leather armour    |    24 |    13 ||    37
       Skin              |       |    20 ||    20
       Ring mail         |       |     4 ||     4
Dodge: Dodged            |    80 |    46 ||   126

Table legend:
 A = Non-vault XP
 B = Vault XP
 C = Vault XP percentage of total XP
 D = Non-vault monster count
 E = Vault monster count
 F = Vault count percentage of total count
                 A         B        C        D         E       F
            +---------+---------+-------+---------+---------+-------
      Total |     131 |      40 |  23.4 |      40 |       2 |   4.8
            +---------+---------+-------+---------+---------+-------
        D:1 |      18 |       0 |   0.0 |       9 |       0 |   0.0
        D:2 |      61 |      37 |  37.8 |      23 |       1 |   4.2
        D:3 |      52 |       3 |   5.5 |       8 |       1 |  11.1
            +---------+---------+-------+---------+---------+-------
